[Event "*** Titled Tuesday Blitz"]
[Site "Chess.com"]
[Date "2021.04.06"]
[Round "5"]
[White "ajedrez1101"]
[Black "Olkaa"]
[Result "0-1"]
[WhiteElo "2121"]
[BlackElo "2636"]
[TimeControl "180+1"]
[EndTime "10:55:32 PDT"]
[Termination "Olkaa won by resignation"]

1. b3 Nf6 2. Bb2 g6 3. Bxf6 exf6 4. c4 d5 5. cxd5 Qxd5 6. Nc3 Qa5 7. a3 c5 8. e3 Nc6 9. b4 cxb4 10. axb4 Qxb4 11. Ra4 Qd6 12. Nb5 Qd8 13. Re4+ Be7 14.
Nf3 O-O 15. Nfd4 a6 16. Nxc6 bxc6 17. Nc3 c5 18. Be2 Bb7 19. Bf3 Bxe4 20. Bxe4 Rb8 21. h4 f5 22. Bd3 Qxd3 0-1

[Event "*** Titled Tuesday Blitz"]
[Site "Chess.com"]
[Date "2021.04.06"]
[Round "5"]
[White "Oglob71"]
[Black "LawrenceTrent"]
[Result "0-1"]
[WhiteElo "2380"]
[BlackElo "2555"]
[TimeControl "180+1"]
[EndTime "10:55:40 PDT"]
[Termination "LawrenceTrent won on time"]

1. Nf3 Nf6 2. d4 g6 3. c4 Bg7 4. Nc3 d6 5. Bg5 O-O 6. e3 c5 7. d5 e6 8. h3 exd5 9. cxd5 Nbd7 10. Be2 h6 11. Bf4 Qe7 12. O-O Ne8 13. a4 Ne5 14. Nxe5 dxe5 15. Bh2 Nd6 16. Nb5 a6 17. Nxd6 Qxd6 18. a5 Bd7 19. e4 Rac8 20. Bc4 f5 21. Qc2 f4 22. f3 g5 23. Rfc1 h5 24. Kf1 g4 25. hxg4 hxg4 26. Bg1 gxf3 27. gxf3 Bh3+ 0-1

[Event "*** Titled Tuesday Blitz"]
[Site "Chess.com"]
[Date "2021.04.06"]
[Round "5"]
[White "YumiBear"]
[Black "KubaGepard"]
[Result "0-1"]
[WhiteElo "2523"]
[BlackElo "2394"]
[TimeControl "180+1"]
[EndTime "10:55:41 PDT"]
[Termination "KubaGepard won by resignation"]

1. d4 d5 2. Nf3 Nf6 3. g3 b5 4.
Bg2 e6 5. O-O Nbd7 6. a4 b4 7.
c4 bxc3 8. Nxc3 Ba6 9. Bf4 c6 10.
Re1 Bb4 11. Ne5 Nxe5 12. Bxe5 O-O 13. Rc1 Nd7 14. Bf4 Rc8 15. e4 Nb6 16. Qh5 Qf6 17. h4 Qg6 18. Qf3 dxe4 19. Nxe4 Bxe1 20. h5 Qf5 21. Nd6 Qa5 22. Nxc8 Rxc8 23. h6 g6 24. Be5 Nd7 25. Rxc6 Nxe5 26. Qf6 Bxf2+ 27. Kh2 Ng4+ 0-1

[Event "*** Titled Tuesday Blitz"]
[Site "Chess.com"]
[Date "2021.04.06"]
[Round "5"]
[White "friesnielsen2302"]
[Black "SargissyanSargis"]
[Result "0-1"]
[WhiteElo "2522"]
[BlackElo "2385"]
[TimeControl "180+1"]
[EndTime "10:55:42 PDT"]
[Termination "SargissyanSargis won by resignation"]

1. d4 Nf6 2. Nc3 d5 3. Bf4 a6 4. e3 e6 5. g4 c5 6. g5 Nfd7 7. Nf3 Nc6 8. a3 b5 9. h4 Nb6 10. Rg1 Nc4 11. Rb1 Bd6 12. Ne2 Qa5+ 13. c3 Bxf4 14. Nxf4 b4 15. dxc5 bxc3 16. b4 Qxa3 17.
Bxc4 dxc4 18. Qd6 Bd7 19. Rd1 O-O-O 20. Ne2 Be8 21. Qf4 Rxd1+ 22. Kxd1 c2+ 23. Kd2 Qd3+ 24.
Kc1 Nxb4 25. Ned4 Qc3 0-1

[Event "*** Titled Tuesday Blitz"]
[Site "Chess.com"]
[Date "2021.04.06"]
[Round "5"]
[White "anon6121824"]
[Black "Nuvas"]
[Result "1-0"]
[WhiteElo "2784"]
[BlackElo "2574"]
[TimeControl "180+1"]
[EndTime "10:55:47 PDT"]
[Termination "anon6121824 won by resignation"]

1. Nf3 d5 2. d4 Nf6 3. Bf4 c5 4. e3 Nc6 5. c3 Qb6 6. Qb3 c4 7.
Qc2 Bf5 8. Qc1 Nh5 9. Bg3 Nxg3 10. hxg3 h6 11. Nbd2 e6 12. e4 Bh7 13. exd5 exd5 14. Be2 Be7 15. O-O O-O 16. Bd1 Rae8 17. Bc2 f5 18. b3 cxb3 19. Bxb3 Qd8 20. Re1 Kh8 21.
c4 dxc4 22. Nxc4 Nxd4 23. Nxd4 Qxd4 24. Ne5 Rc8 25. Nf7+ Rxf7 26. Qxc8+ Rf8 27. Qxb7 Bc5 28. Qf3 f4 29. gxf4 Rxf4 30. Re8+ Bg8 31. Rxg8+ Kh7 32. Rd1 Rxf3 33. Rxd4 Rxb3 34. Rxg7+ Kxg7 35. Rd7+ Kf6 36. axb3 Bb6 37. g3 1-0

[Event "*** Titled Tuesday Blitz"]
[Site "Chess.com"]
[Date "2021.04.06"]
[Round "5"]
[White "NoGuru"]
[Black "suneebaker"]
[Result "1-0"]
[WhiteElo "2330"]
[BlackElo "2119"]
[TimeControl "180+1"]
[EndTime "10:55:47 PDT"]
[Termination "NoGuru won by resignation"]

1. Nf3 e6 2. c4 f5 3. g3 Nf6 4. Bg2 Be7 5. O-O O-O 6. b3 d6 7.
d4 a5 8. Bb2 Nc6 9. Re1 Ne4 10.
Nfd2 d5 11. Nxe4 fxe4 12. f3 exf3 13. exf3 Bf6 14. c5 a4 15. f4 a3 16. Bc3 b5 17. cxb6 cxb6 18. Qd2 b5 19. b4 Qb6 20. Rd1 Bd7 21. Qe3 Kh8 22. Rd3 Ne7 23. Nd2 Nf5 24.
Qf2 Rac8 25. Nf3 Rxc3 26. Rxc3 Bxd4 27. Nxd4 Qxd4 28. Qxd4 Nxd4 29. Bf1 Ra8 30. Rac1 h5 31. Rc7 Rd8 32. Bd3 h4 33. Rxd7 1-0

[Event "*** Titled Tuesday Blitz"]
[Site "Chess.com"]
[Date "2021.04.06"]
[Round "5"]
[White "Magila31"]
[Black "elvidirris"]
[Result "1-0"]
[WhiteElo "2316"]
[BlackElo "2041"]
[TimeControl "180+1"]
[EndTime "10:55:51 PDT"]
[Termination "Magila31 won by resignation"]

1. d4 Nf6 2. c4 g6 3. Nc3 d5 4. Nf3 Bg7 5. Bg5 Ne4 6. Bh4 Nxc3 7.
bxc3 dxc4 8. e3 Be6 9. Qb1 O-O 10. Qxb7 Bd5 11. Qb4 Nc6 12. Qc5 Qd6 13. Qxd6 exd6 14. Nd2 Na5 15. Be2 c5 16. O-O Rfe8 17. Bf3 Bxf3 18.
Nxf3 cxd4 19. exd4 Rab8 20. Rab1 Rb6 21. Rxb6 axb6 22.
Rb1 Rb8 23. Bg3 Bf8 24. d5 b5 25. Nd4 b4 26. Rxb4 Rxb4 27. cxb4 Nb7 28. a4 c3 29. a5 Nd8 30. a6 Bg7 31. Nc2 1-0

[Event "*** Titled Tuesday Blitz"]
[Site "Chess.com"]
[Date "2021.04.06"]
[Round "5"]
[White "j2806"]
[Black "Romadk"]
[Result "0-1"]
[WhiteElo "2148"]
[BlackElo "2345"]
[TimeControl "180+1"]
[EndTime "10:55:57 PDT"]
[Termination "Romadk won by resignation"]

1. e4 c5 2. Nf3 d6 3. d4 cxd4 4. Nxd4 Nf6 5. Nc3 Nc6 6. Be3 Ng4 7. Nxc6 bxc6 8. Bc1 Qb6 9. Qe2 g6 10. h3 Ne5 11. f4 Nd7 12. Qd2 Bh6 13. Bd3 e5 14.
Ne2 O-O 15. Qe3 Rb8 16. Qxb6 Rxb6 17. b3 f5 18. Bc4+ Kh8 19. exf5 Rxf5 20. O-O d5 21. fxe5 Rxf1+ 22. Kxf1 Bxc1 23. Bxd5 Bb2 24. Rb1 Bxe5 25. Bf3 Nc5 26. Rd1 Bf5 27. Nd4 Bxd4 28. Rxd4 Bxc2 0-1

[Event "*** Titled Tuesday Blitz"]
[Site "Chess.com"]
[Date "2021.04.06"]
[Round "5"]
[White "Sanan_Sjugirov"]
[Black "Hikaru"]
[Result "0-1"]
[WhiteElo "2864"]
[BlackElo "3228"]
[TimeControl "180+1"]
[EndTime "10:55:58 PDT"]
[Termination "Hikaru won by resignation"]

1. e4 g6 2. d4 Bg7 3. Nc3 c6 4. f4 d5 5. e5 h5 6. Nf3 Bg4 7.
Be3 Nh6 8. Bd3 Nf5 9. Bf2 e6 10. h3 Bxf3 11. Qxf3 h4 12. O-O Nd7 13. Ne2 Bf8 14. b3 Be7 15. c4 Kf8 16. a4 Kg7 17. a5 a6 18. Kh2 Rc8 19. c5 Qc7 20. Ng1 Rcg8 21. Qe2 Kf8 22. Nf3 Ke8 23. b4 Kd8 24. Bxf5 exf5 25. Qe1 Nf8 26. Bxh4 Bxh4 27. Nxh4 Ne6 28. Nf3 Nxf4 29. Ng5 Ne6 30. Nxe6+ fxe6 31. Ra3 g5 32. Kg1 Qh7 33. Rg3 Qh4 34. Rd3 Qh6 35. Qd2 Qh5 36. Qd1 g4 37. Rg3 Kc8 38.
Kh2 Qh6 39. Qd2 Qxd2 0-1

[Event "*** Titled Tuesday Blitz"]
[Site "Chess.com"]
[Date "2021.04.06"]
[Round "5"]
[White "Horizonevent"]
[Black "yandry1996"]
[Result "1-0"]
[WhiteElo "2502"]
[BlackElo "2251"]
[TimeControl "180+1"]
[EndTime "10:55:59 PDT"]
[Termination "Horizonevent won by resignation"]

1. d4 d5 2. c4 e6 3. Nc3 c6 4. e3 Nf6 5. Nf3 Bd6 6. Qc2 O-O 7. e4 dxe4 8. Nxe4 Nxe4 9. Qxe4 Nd7 10. Bd3 Nf6 11. Qh4 Re8 12. Bg5 Qa5+ 13. Kf1 Be7 14.
Bxf6 Bxf6 15. Qxh7+ Kf8 16. h4 e5 17. dxe5 Bxe5 18. Re1 Bg4 19. Qh8+ Ke7 20. Rxe5+ Qxe5 21. Qxe8+ Kxe8 22. Nxe5 Be6 23. f4 Rd8 24. Ke2 f6 25. Nf3 Bg4 26. h5 1-0

[Event "*** Titled Tuesday Blitz"]
[Site "Chess.com"]
[Date "2021.04.06"]
[Round "5"]
[White "FMalexhdez"]
[Black "bushrashuaibi"]
[Result "1-0"]
[WhiteElo "2178"]
[BlackElo "1858"]
[TimeControl "180+1"]
[EndTime "10:56:01 PDT"]
[Termination "FMalexhdez won by resignation"]

1. e4 c5 2. Nf3 Nc6 3. d4 cxd4 4. Nxd4 Nf6 5. Nc3 e5 6. Ndb5 d6 7. Bg5 a6 8. Na3 b5 9. Nd5 Be7 10. Bxf6 Bxf6 11. c3 O-O 12. Nc2 Rb8 13. h4 Be6 14. g3 Qd7 15. Bg2 Bd8 16. O-O a5 17. Nce3 g6 18. h5 f5 19. exf5 gxf5 20. f4 b4 21.
Kh2 bxc3 22. bxc3 Kh8 23. Rb1 Rxb1 24. Qxb1 e4 25. Rh1 Ne7 26. Qd1 Nxd5 27. Nxd5 Qb7 28.
Qd4+ Kg8 29. Rd1 Bf6 30. Nxf6+ Rxf6 31. Qxf6 Qf7 32. Qg5+ 1-0

[Event "*** Titled Tuesday Blitz"]
[Site "Chess.com"]
[Date "2021.04.06"]
[Round "5"]
[White "ChessWarrior7197"]
[Black "Balla_Tamas"]
[Result "1-0"]
[WhiteElo "2908"]
[BlackElo "2550"]
[TimeControl "180+1"]
[EndTime "10:56:03 PDT"]
[Termination "ChessWarrior7197 won by resignation"]

1. e4 c5 2. Nf3 e6 3. g3 d5 4. exd5 Qxd5 5. Bg2 Nc6 6. O-O Qd7 7. b3 Nf6 8. Bb2 Be7 9. d4 cxd4 10. Nxd4 Nxd4 11.
Qxd4 Qc7 12. c4 Bd7 13. Nc3 a6 14. Rfe1 Rd8 15. Nd5 exd5 16. cxd5 Be6 17. Qa4+ b5 18. Qxa6 Nxd5 19. Bxg7 Rg8 20. Be5 Qb6 21. Qxb6 Nxb6 22. Bc7 Rg4 23. Bxb6 Rc8 24. Bh3 Rg6 25. Bxe6 Rxe6 26.
Rxe6 fxe6 27. a4 bxa4 28. bxa4 Ra8 29. a5 Ra6 30. Re1 Kf7 31. Re4 Bd6 32. Kf1 Ke7 33. Ke2 Kd7 34. Kd3 Bc7 35. Bxc7 Kxc7 36. Re5 Kd6 37.
Rh5 Rc6 38. Rxh7 Rc5 39. a6 Ra5 40. a7 1-0

[Event "*** Titled Tuesday Blitz"]
[Site "Chess.com"]
[Date "2021.04.06"]
[Round "5"]
[White "GM_LOADING"]
[Black "Smirnov_Pavel"]
[Result "0-1"]
[WhiteElo "2535"]
[BlackElo "2867"]
[TimeControl "180+1"]
[EndTime "10:56:03 PDT"]
[Termination "Smirnov_Pavel won by resignation"]

1. e4 e5 2. Nf3 Nc6 3. Bc4 Nf6 4. d3 Bc5 5. O-O O-O 6. h3 h6 7.
Re1 d6 8. a4 Be6 9. Nbd2 a6 10.
c3 a5 11. Bb5 Ne7 12. d4 exd4 13. cxd4 Bb4 14. Re2 d5 15. e5 Nh5 16. Nf1 Ng6 17.
Ng3 Nhf4 18. Re1 f6 19. Bd2 Bxd2 20. Qxd2 fxe5 21. Nxe5 Qg5 22. Rad1 Nh4 23. Nd3 Nhxg2 24. Re5 Qf6 25. Nc5 Bxh3 26. Bd7 Nh4 27. Kh1 0-1

[Event "*** Titled Tuesday Blitz"]
[Site "Chess.com"]
[Date "2021.04.06"]
[Round "5"]
[White "serhanberat_ozdemir"]
[Black "exoticprincess"]
[Result "0-1"]
[WhiteElo "2632"]
[BlackElo "2926"]
[TimeControl "180+1"]
[EndTime "10:56:05 PDT"]
[Termination "exoticprincess won by resignation"]

1. e4 c6 2. d4 d5 3. exd5 cxd5 4. c4 e6 5. Nc3 Nf6 6. Nf3 Be7 7. Bd3 O-O 8. O-O Nc6 9. Bg5 h6 10. Be3 Re8 11. Rc1 Bf8 12. Qe2 dxc4 13. Bxc4 Bd7 14. Rfd1 Nb4 15. Ne5 Bc6 16. a3 Nbd5 17. Nxc6 bxc6 18.
Bd3 Rb8 19. Ne4 Nxe4 20. Bxe4 Qd7 21. Bd3 a5 22. Rc2 Rb6 23. Rdc1 Reb8 24. Be4 Be7 25.
Bf3 Bf6 26. Qd2 a4 27. Be4 h5 28. h3 g6 29. g4 hxg4 30. hxg4 Kg7 31. Kg2 Rh8 32.
f3 Nxe3+ 33. Qxe3 Bxd4 34. Qe2 c5 35. Rh1 Rxh1 36. Kxh1 Rb8 37. Kg2 Qd6 0-1

[Event "*** Titled Tuesday Blitz"]
[Site "Chess.com"]
[Date "2021.04.06"]
[Round "5"]
[White "Vamostodorecto"]
[Black "Susik_Gaboyan"]
[Result "1-0"]
[WhiteElo "2442"]
[BlackElo "2262"]
[TimeControl "180+1"]
[EndTime "10:56:07 PDT"]
[Termination "Vamostodorecto won by resignation"]

1. d4 Nf6 2. c4 g6 3. Nc3 d5 4.
cxd5 Nxd5 5. e4 Nxc3 6. bxc3 Bg7 7. Nf3 O-O 8. Be3 c5 9. Qd2 Nc6 10. Rc1 Qa5 11. d5 Ne5 12. Nxe5 Bxe5 13. f4 Bg7 14. h4 Bg4 15. h5 Bxh5 16. f5 Qc7 17. Kf2 Be5 18.
Bc4 a6 19. a4 b5 20. axb5 axb5 21. Bxb5 Ra5 22. Bc4 e6 23. dxe6 fxe6 24. Bxe6+ Kg7 25.
Bh6+ Kh8 26. Bxf8 Ra2 27. Bxa2 Bg3+ 28. Kf1 Qa5 29. Rxh5 1-0

[Event "*** Titled Tuesday Blitz"]
[Site "Chess.com"]
[Date "2021.04.06"]
[Round "5"]
[White "CakeinSpace2002"]
[Black "jamalm2"]
[Result "1-0"]
[WhiteElo "2315"]
[BlackElo "2016"]
[TimeControl "180+1"]
[EndTime "10:56:10 PDT"]
[Termination "CakeinSpace2002 won on time"]

1. e4 c5 2. Nf3 d6 3. d4 cxd4 4. Nxd4 Nf6 5. Nc3 a6 6. Bg5 e5 7.
Nf3 Be7 8. Bc4 O-O 9. h3 Be6 10. Qe2 Nbd7 11. Rd1 Qc7 12. Bb3 b5 13. O-O Nb6 14.
Bxf6 Bxf6 15. Bd5 Nxd5 16. Nxd5 Bxd5 17. Rxd5 Rac8 18. c3 Be7 19. Rfd1 h6 20. Qd3 Rfd8 21. Nh2 Qc4 22. a3 Qxd3 23. R1xd3 Rc4 24. f3 g6 25. Ng4 Bf8 26. Ne3 Rc6 27. Rxe5 dxe5 28. Rxd8 Rd6 29. Rxd6 Bxd6 30. Nd5 Bc5+ 31. Kf1 f5 32. Nc7 a5 33. Nxb5 Kf7 34. Ke2 Ke6 35. b4 axb4 36.
cxb4 Be7 37. Kd3 f4 38. Nc3 g5 39. Nd5 Bd8 40. a4 h5 41. a5 1-0

[Event "*** Titled Tuesday Blitz"]
[Site "Chess.com"]
[Date "2021.04.06"]
[Round "5"]
[White "DenLaz"]
[Black "sergeikim"]
[Result "1-0"]
[WhiteElo "2829"]
[BlackElo "2534"]
[TimeControl "180+1"]
[EndTime "10:56:11 PDT"]
[Termination "DenLaz won by resignation"]

1. d4 Nf6 2. c4 g6 3. g3 Bg7 4.
Bg2 O-O 5. Nc3 d6 6. Nf3 Nbd7 7. O-O e5 8. e4 exd4 9. Nxd4 Re8 10. h3 Nc5 11. Re1 c6 12. Qc2 a5 13. Be3 a4 14. Rad1 Qa5 15. Bf4 Bf8 16. Nf3 Qb4 17. Bf1 Re6 18. Ng5 Re8 19. a3 Qb6 20. Bxd6 Bxd6 21. Rxd6 Nfd7 22. Nf3 Nf8 23. Qd2 Be6 24. e5 Rad8 25. Ng5 Bc8 26. Nge4 Rxd6 27. exd6 Nxe4 28. Nxe4 Re6 29. c5 Qb3 30. Re3 Qa2 31. Qc3 Nd7 32.
Bc4 Qb1+ 33. Re1 Qxe4 34. Bxe6 1-0

[Event "*** Titled Tuesday Blitz"]
[Site "Chess.com"]
[Date "2021.04.06"]
[Round "5"]
[White "Irishchessman16"]
[Black "Ave_Mariia"]
[Result "0-1"]
[WhiteElo "2273"]
[BlackElo "2468"]
[TimeControl "180+1"]
[EndTime "10:56:11 PDT"]
[Termination "Ave_Mariia won by resignation"]

1. e4 c5 2. Nf3 d6 3. d4 cxd4 4. Nxd4 Nf6 5. Nc3 g6 6. Bg5 Bg7 7. Qe2 O-O 8. O-O-O Nc6 9. Nxc6 bxc6 10. e5 Qa5 11.
Bxf6 exf6 12. exd6 Be6 13. Qa6 Qc5 14. Ne4 Qb4 15.
Nd2 Rab8 16. Nb3 Bd5 17. f3 Qxd6 18. Kb1 Qe7 19. Bd3 f5 20. Rhe1 Qf6 21. Qa3 c5 22. c4 Be6 23. Re2 Rfd8 24. Qxc5 Rd7 25. Red2 Rxd3 0-1

[Event "*** Titled Tuesday Blitz"]
[Site "Chess.com"]
[Date "2021.04.06"]
[Round "5"]
[White "Vesper2018"]
[Black "Leo_C"]
[Result "1-0"]
[WhiteElo "2557"]
[BlackElo "2391"]
[TimeControl "180+1"]
[EndTime "10:56:13 PDT"]
[Termination "Vesper2018 won by resignation"]

1. e4 c6 2. Nf3 d5 3. exd5 cxd5 4. Ne5 Nd7 5. d4 Ngf6 6. Bd3 g6 7. O-O Bg7 8. Re1 O-O 9. c3 Nxe5 10. dxe5 Ne4 11.
f3 Nc5 12. Bc2 Qb6 13. Kh1 Be6 14. Nd2 Qc7 15. Qe2 g5 16. Nf1 Nd7 17. Qd3 f5 18. exf6 Rxf6 19. Qxh7+ Kf8 20. Bxg5 Bg8 21. Qh4 Ne5 22. Bxf6 Bxf6 23. Qh6+ Bg7 24. Qg5 Bf6 25. Qf4 Qd6 26. Ng3 Rc8 27. Nf5 Qc7 28. Qh6+ Ke8 29.
Ba4+ Nd7 30. Qxf6 1-0

[Event "*** Titled Tuesday Blitz"]
[Site "Chess.com"]
[Date "2021.04.06"]
[Round "5"]
[White "nrvisakh"]
[Black "AlexPapasimakopoulos"]
[Result "1-0"]
[WhiteElo "2784"]
[BlackElo "2619"]
[TimeControl "180+1"]
[EndTime "10:56:17 PDT"]
[Termination "nrvisakh won by resignation"]

1. e4 e6 2. d4 d5 3. Nc3 Bb4 4. e5 b6 5. Qg4 Bf8 6. Nf3 Ne7 7.
Bd3 Ba6 8. Bxa6 Nxa6 9. O-O Nb4 10. Ne1 c5 11. a3 Nbc6 12. dxc5 bxc5 13. Nf3 Nf5 14. Ne2 Be7 15. Ng3 Nxg3 16. hxg3 g6 17. Bh6 Bf8 18. Bg5 Be7 19. Rad1 Bxg5 20. Nxg5 h6 21.
Ne4 Nxe5 22. Qf4 Qb8 23. Nf6+ Ke7 24. Rfe1 g5 25. Nxd5+ Kf8 26. Qf6 Rg8 27. Rxe5 exd5 28. Rexd5 1-0

[Event "*** Titled Tuesday Blitz"]
[Site "Chess.com"]
[Date "2021.04.06"]
[Round "5"]
[White "INDIAN-ELEPHANT"]
[Black "Sadykov_Ramil"]
[Result "1-0"]
[WhiteElo "2706"]
[BlackElo "2503"]
[TimeControl "180+1"]
[EndTime "10:56:18 PDT"]
[Termination "INDIAN-ELEPHANT won by resignation"]

1. d4 d5 2. Nf3 Nf6 3. c4 e6 4. Nc3 Be7 5. g3 O-O 6. Bg2 dxc4 7. Ne5 Nc6 8. Bxc6 bxc6 9. Nxc6 Qe8 10. Qa4 Bd6 11.
Na5 Bd7 12. Qxc4 Rc8 13. b4 Nd5 14. a3 Nxc3 15. Qxc3 e5 16. Bb2 exd4 17. Qxd4 f6 18. Qd2 Bh3 19. f3 Kh8 20. Kf2 Rd8 21. Qe3 Qh5 22. Rhd1 c5 23. Nb7 Rde8 24. Qd3 Be5 25.
Bxe5 Rxe5 26. Nxc5 Rfe8 27. e4 f5 28. Re1 fxe4 29.
Rxe4 Rxe4 30. Nxe4 h6 31. Kg1 Rf8 32. Nd2 Qe5 33.
Rc1 a5 34. b5 Qh5 35. Qd6 Rd8 1-0

[Event "*** Titled Tuesday Blitz"]
[Site "Chess.com"]
[Date "2021.04.06"]
[Round "5"]
[White "JQuiroga18"]
[Black "SkippingLaptop"]
[Result "1-0"]
[WhiteElo "2414"]
[BlackElo "2106"]
[TimeControl "180+1"]
[EndTime "10:56:18 PDT"]
[Termination "JQuiroga18 won on time"]

1. e4 c5 2. Nf3 d6 3. d4 cxd4 4. Nxd4 Nf6 5. Nc3 a6 6. g3 Nc6 7. Bg2 Bd7 8. O-O e6 9. Re1 Be7 10. Be3 O-O 11. h3 Qc7 12. a3 b5 13. Qd2 Ne5 14.
Qe2 Nc4 15. Bc1 Rac8 16. Nd1 e5 17. Nf5 Bxf5 18. exf5 Nb6 19. c3 Rfe8 20. Ne3 Bf8 21. Rd1 e4 22. g4 d5 23. g5 Nfd7 24. Nxd5 Nxd5 25. Rxd5 Nc5 26. Be3 Nd3 27. Rd1 Nf4 28. Bxf4 Qxf4 29. Qg4 Qxg4 30. hxg4 Bc5 31. Kf1 e3 32.
fxe3 Bxe3 33. f6 gxf6 34. gxf6 Rc6 35. g5 1-0

[Event "*** Titled Tuesday Blitz"]
[Site "Chess.com"]
[Date "2021.04.06"]
[Round "5"]
[White "RD4ever"]
[Black "GMRafpig"]
[Result "1-0"]
[WhiteElo "2882"]
[BlackElo "2610"]
[TimeControl "180+1"]
[EndTime "10:56:25 PDT"]
[Termination "RD4ever won by resignation"]

1. d4 Nf6 2. c4 e6 3. Nc3 Bb4 4.
f3 O-O 5. a3 Bxc3+ 6. bxc3 Nh5 7. Nh3 f5 8. Nf2 Nc6 9. e4 fxe4 10. fxe4 Nf4 11. g3 Ng6 12. Bg2 d6 13. O-O e5 14. Qh5 b6 15. Be3 Qe8 16. Nh3 Ba6 17.
d5 Na5 18. Ng5 Rxf1+ 19. Rxf1 Nf8 20. Rxf8+ Kxf8 21. Qxh7 Ke7 1-0

[Event "*** Titled Tuesday Blitz"]
[Site "Chess.com"]
[Date "2021.04.06"]
[Round "5"]
[White "KIEV-1"]
[Black "Das_Virus_2020"]
[Result "0-1"]
[WhiteElo "2266"]
[BlackElo "2450"]
[TimeControl "180+1"]
[EndTime "10:56:26 PDT"]
[Termination "Das_Virus_2020 won by resignation"]

1. e4 e6 2. d4 d5 3. Nc3 Nf6 4. e5 Nfd7 5. f4 c5 6. Nce2 Nc6 7. Nf3 Qb6 8. c3 a5 9. a4 Be7 10. dxc5 Nxc5 11. Ned4 O-O 12. Be2 f6 13. exf6 Bxf6 14. Nxc6 bxc6 15. Be3 Qxb2 16. O-O Qxc3 17. Bf2 Ne4 18.
Rc1 Nxf2 19. Rxf2 Qe3 20. Rxc6 Bd7 21. Rc7 Rac8 22. Rxd7 Rc1 23. Qxc1 Qxc1+ 24. Bf1 Qe3 25. g3 e5 26. Rxd5 e4 27. Ne5 Bxe5 28. Rxe5 Rd8 29. Kg2 Rd2 30. Bc4+ Kf8 31. Rxd2 Qxd2+ 32. Kh3 e3 33. Bb5 g6 34. g4 Kg7 35. Kg3 Qf2+ 36. Kh3 Qxf4 37. Re8 h6 38. Re7+ Kf6 39. Re8 Qf3+ 40.
Kh4 g5+ 0-1

[Event "*** Titled Tuesday Blitz"]
[Site "Chess.com"]
[Date "2021.04.06"]
[Round "5"]
[White "TimKett"]
[Black "Sueetin"]
[Result "0-1"]
[WhiteElo "2239"]
[BlackElo "2399"]
[TimeControl "180+1"]
[EndTime "10:56:26 PDT"]
[Termination "Sueetin won by resignation"]

1. e4 e6 2. d4 d5 3. Nc3 Nf6 4. Bg5 dxe4 5. Nxe4 Be7 6. Bxf6 Bxf6 7. Nf3 Nd7 8. Bc4 O-O 9. Qe2 a6 10. O-O-O b5 11.
Bb3 Bb7 12. d5 exd5 13. Bxd5 c6 14. Bb3 Qc7 15. Rd6 c5 16. Rhd1 Bxe4 17. Qxe4 Nb6 18.
Rxf6 gxf6 19. Qg4+ Kh8 20. Qh4 Qc6 21. Qf4 c4 22.
Rd6 Nd5 23. Qg3 Qc5 0-1

[Event "*** Titled Tuesday Blitz"]
[Site "Chess.com"]
[Date "2021.04.06"]
[Round "5"]
[White "atwalcb"]
[Black "Volodar_Murzin"]
[Result "0-1"]
[WhiteElo "2474"]
[BlackElo "2749"]
[TimeControl "180+1"]
[EndTime "10:56:28 PDT"]
[Termination "Volodar_Murzin won by resignation"]

1. d4 Nf6 2. Bg5 g6 3. Bxf6 exf6 4. g3 d5 5. Bg2 c6 6. e3 f5 7. Ne2 Nd7 8. O-O Nf6 9. b3 h5 10. h4 Bd6 11. c4 dxc4 12. bxc4 Ng4 13. Nbc3 g5 14.
hxg5 h4 15. e4 hxg3 16. e5 gxf2+ 17. Rxf2 Bc7 18. Rf3 Qxg5 19. Qd3 Be6 20. Rb1 Rd8 21. Rg3 Bxe5 22. Rxb7 Kf8 23. Qf3 Rxd4 24. Nxd4 Bxd4+ 25. Kf1 Bxc4+ 0-1

[Event "*** Titled Tuesday Blitz"]
[Site "Chess.com"]
[Date "2021.04.06"]
[Round "5"]
[White "Vincent_Vega95"]
[Black "Eltaj_Safarli"]
[Result "0-1"]
[WhiteElo "2709"]
[BlackElo "2906"]
[TimeControl "180+1"]
[EndTime "10:56:29 PDT"]
[Termination "Eltaj_Safarli won by resignation"]

1. Nf3 Nf6 2. g3 g6 3. Bg2 Bg7 4. O-O O-O 5. d3 d5 6. Nbd2 Nc6 7. e4 dxe4 8. dxe4 a5 9. Re1 a4 10. c3 Nd7 11. Qc2 Nc5 12. Bf1 a3 13. b3 b6 14. Rb1 Bb7 15. Nc4 e6 16. Bxa3 Qf6 17. Bxc5 bxc5 18. Re3 Bh6 19. Rd3 Na5 20. Nxa5 Rxa5 21.
c4 Bxe4 22. Ne1 Ra3 23. Rbd1 Bxd3 24. Nxd3 Rfa8 25. Nxc5 Rxa2 26. Ne4 Rxc2 27. Nxf6+ Kg7 28. Ng4 Rc1 29. Rxc1 Bxc1 30. b4 Ra7 31. b5 Ba3 32. Ne5 Bc5 33. Nd3 Bd4 34. Kg2 Ra2 35. Kf3 Rc2 36.
Ke4 Rxc4 0-1

[Event "*** Titled Tuesday Blitz"]
[Site "Chess.com"]
[Date "2021.04.06"]
[Round "5"]
[White "Mikhal867"]
[Black "kingofthenil"]
[Result "0-1"]
[WhiteElo "2450"]
[BlackElo "2632"]
[TimeControl "180+1"]
[EndTime "10:56:29 PDT"]
[Termination "kingofthenil won by resignation"]

1. c4 e6 2. g3 Ke7 3. d4 Kf6 4. Nc3 Ke7 5. e4 Ke8 6. Bg2 Bb4 7. a3 Bxc3+ 8. bxc3 d6 9. Qg4 Kf8 10. h4 e5 11. Qe2 Nc6 12. Nf3 Bg4 13. Be3 Nf6 14. Qd3 Qe7 15. Nh2 Bd7 16. O-O h6 17. c5 dxc5 18. dxe5 Nxe5 19. Qb1 Bc6 20.
Re1 g5 21. hxg5 hxg5 22. Bxg5 Rxh2 23. Bxf6 Rxg2+ 24. Kxg2 Qxf6 25. f4 Rd8 26. Re2 Nd3 27. Qc2 Ke7 28. Re3 c4 29. Rh1 Rg8 30. Kf1 Rxg3 31. Rxg3 Qxf4+ 32. Kg2 Qxe4+ 33. Kh3 Qxh1+ 34. Kg4 Qe4+ 35. Kh5 Nf4+ 36. Kh6 Qxc2 0-1

[Event "*** Titled Tuesday Blitz"]
[Site "Chess.com"]
[Date "2021.04.06"]
[Round "5"]
[White "DinaBelenkaya"]
[Black "Vandros57"]
[Result "1/2-1/2"]
[WhiteElo "2349"]
[BlackElo "2216"]
[TimeControl "180+1"]
[EndTime "10:56:29 PDT"]
[Termination "Game drawn by agreement"]

1. e4 c6 2. d4 d5 3. Nc3 dxe4 4. Nxe4 Bf5 5. Ng3 Bg6 6. h4 h6 7. h5 Bh7 8. Nf3 Nd7 9. Bd3 Bxd3 10. Qxd3 Ngf6 11.
Bd2 Qc7 12. O-O-O e6 13. Ne4 Nxe4 14. Qxe4 O-O-O 15. Kb1 Bd6 16. c4 Rhe8 17. Bc3 Nf6 18. Qe2 c5 19. Rc1 a6 20. Rc2 cxd4 21. Nxd4 Bc5 22.
Nb3 Rd7 23. Be5 Bd6 24. f4 Red8 25. g4 Bxe5 26. fxe5 Nh7 27. c5 Qc6 28. Rhc1 Ng5 29. Na5 Qf3 30. c6 Rd1 31. cxb7+ Kb8 32. Nc6+ Kxb7 33.
Nxd8+ Rxd8 34. Rc7+ Kb8 35. Qxa6 Qd3+ 36. Ka1 Qxa6 1/2-1/2

[Event "*** Titled Tuesday Blitz"]
[Site "Chess.com"]
[Date "2021.04.06"]
[Round "5"]
[White "fabianvivasz"]
[Black "volunteers1998"]
[Result "1/2-1/2"]
[WhiteElo "2413"]
[BlackElo "2232"]
[TimeControl "180+1"]
[EndTime "10:56:30 PDT"]
[Termination "Game drawn by agreement"]

1. e4 c5 2. Nf3 Nc6 3. d4 cxd4 4. Nxd4 Nf6 5. Nc3 e5 6. Ndb5 d6 7. Bg5 a6 8. Na3 b5 9. Bxf6 gxf6 10. Nd5 f5 11. g3 fxe4 12. Bg2 Be6 13. Bxe4 Rc8 14. O-O Bg7 15. Qh5 Ne7 16. Nxe7 Qxe7 17.
Rad1 h6 18. c3 O-O 19. Nc2 f5 20. Bd5 Bxd5 21. Rxd5 Rc5 22. Ne3 f4 23. Rxc5 dxc5 24. Nf5 Qg5 25. Qxg5 hxg5 26. Nxg7 Kxg7 27. Rd1 Rf6 28. Rd5 Re6 29. Rd6 Rxd6 1/2-1/2